 Dungeon Crawl Stone Soup version 0.16.0 (webtiles) character file.

32 Hocus the Grave Robber (level 3, 0/24 HPs)
             Began as a Vampire Necromancer on Mar 19, 2015.
             Slain by a worm (7 damage)
             ... on level 2 of the Dungeon.
             The game lasted 00:05:23 (1368 turns).

Hocus the Grave Robber (Vampire Necromancer)        Turns: 1368, Time: 00:05:23

Health: 0/24       AC:  2    Str:  7    XL:     3   Next: 10%
Magic:  2/6        EV: 12    Int: 18    God:
Gold:   94         SH:  0    Dex: 14    Spells: 3 memorised, 2 levels left

rFire  . . .     SeeInvis +     (no weapon)
rCold  . . .     Clarity  .     a - +0 robe
rNeg   + . .     SustAb   .     (no shield)
rPois  .         Gourm    .     (no helmet)
rElec  .         Spirit   .     (no cloak)
rCorr  .         Warding  .     (no gloves)
rMut   .         Stasis   .     (no boots)
MR     .....                    (no amulet)
Stlth  ++........               (no ring)
                                (no ring)

@: not resistant to hostile enchantments, unstealthy
A: bottle blood, fangs 3, see invisible, unbreathing
a: Bat Form


You were on level 2 of the Dungeon.
You were not thirsty.

You visited 1 branch of the dungeon, and saw 2 of its levels.

You collected 94 gold pieces.

Inventory:

Armour
 a - a +0 robe (worn)
Jewellery
 g - a cursed -3 ring of protection {unknown}
Scrolls
 e - 7 scrolls of identify {unknown}
 i - a scroll of noise {unknown}
 j - a scroll of immolation {unknown}
 k - 2 scrolls of fog {unknown}
Potions
 c - a potion of blood
 d - a potion of cancellation {unknown}
 f - a potion of restore abilities {unknown}
 h - 2 potions of curing {unknown}
 l - a potion of flight {unknown}
Books
 b - a book of Necromancy

   Spells                             Type                      Level
   a - Pain                           Necromancy                   1
   b - Animate Skeleton               Necromancy                   1
   c - Vampiric Draining              Necromancy                   3
   d - Regeneration                   Charms/Necromancy            3
   e - Animate Dead                   Necromancy                   4
   f - Control Undead                 Necromancy                   4
 m - a book of the Warp

   Spells                             Type                      Level
   a - Recall                         Summoning/Translocation      3
   b - Control Teleport               Charms/Translocation         4
   c - Force Lance                    Conjuration/Translocation    4
   d - Phase Shift                    Translocation                5
   e - Warp Weapon                    Charms/Translocation         5
   f - Gell's Gravitas                Hexes/Translocation          5
   g - Summon Forest                  Summoning/Translocation      5


   Skills:
 - Level 2.1 Dodging
 - Level 3.0 Stealth
 + Level 2.7 Spellcasting
 + Level 5.0 Necromancy


You had 2 spell levels left.
You knew the following spells:

 Your Spells              Type           Power        Failure   Level  Hunger
a - Pain                  Necr           ###.         1%          1    None
b - Animate Skeleton      Necr           N/A          1%          1    None
c - Vampiric Draining     Necr           ###.......   10%         3    ###....


Dungeon Overview and Level Annotations

Branches:
Dungeon (2/15)

Altars:
Yredelemnul


Innate Abilities, Weirdness & Mutations

You can bottle blood from corpses.
You have razor-sharp teeth.
You have supernaturally acute eyesight.
You can survive without breathing.


Message History

You barely miss the worm. Your bite misses the worm.
The worm is moderately wounded.
The worm bites you!
* * * LOW HITPOINT WARNING * * *
You start resting.
You hit the worm but do no damage.
The worm is moderately wounded.
The worm closely misses you.
You hit the worm.
The worm is heavily wounded.
The worm closely misses you.
You hit the worm.
The worm is heavily wounded.
You hit the worm.
The worm is severely wounded.
Found 21 poisoned needles.
You barely miss the worm.
The worm is severely wounded.
The worm bites you!
You die...

### ### ###
####.####.#####.#
#...<...........##
#.##.##########.#.
#..........# #.#.
#####.#####.# #(#.
#.@w......#.####.#.
#.#.).....#......#.
#.#...###......###.
#.#...#............
#(#...#w#......####
#.#...#.#......#
#.#...#.#......#
#.#...#.#......##
.#...#.#.......###


You could see a worm.

Vanquished Creatures
  An adder (D:2)
  An ooze (D:2)
  3 hobgoblins (D:1)
  2 kobolds (D:1)
  6 bats (D:1)
  2 giant newts (D:1)
  2 gnoll zombies (D:2)
  6 goblins
  3 rats (D:1)
26 creatures vanquished.

Notes
Turn   | Place    | Note
--------------------------------------------------------------
     0 | D:1      | Hocus, the Vampire Necromancer, began the quest for the Orb.
     0 | D:1      | Reached XP level 1. HP: 13/13 MP: 3/3
     2 | D:1      | Learned a level 1 spell: Animate Skeleton
   468 | D:1      | Reached XP level 2. HP: 19/19 MP: 2/4
  1200 | D:2      | Found a basalt altar of Yredelemnul.
  1313 | D:2      | Reached skill level 5 in Necromancy
  1313 | D:2      | Reached XP level 3. HP: 11/24 MP: 0/6
  1335 | D:2      | Learned a level 3 spell: Vampiric Draining
  1368 | D:2      | Slain by a worm

Action                   || total
-------------------------++-------
Melee: Unarmed           ||    42
 Cast: Pain              ||    34
       Vampiric Draining ||     1
 Stab: Sleeping          ||     1
  Eat: Corpse            ||     3
